 Dungeon Crawl Stone Soup version 0.27.1-1-g398f81649c (webtiles) character file.

Game seed: 6240518981859846076

28 bpung the Chopper (level 2, -3/25 HPs)
             Began as a Palentonga Berserker on Sept 18, 2021.
             Was a Follower of Trog.
             Slain by a goblin (4 damage)
             ... on level 1 of the Dungeon.
             The game lasted 00:03:02 (1112 turns).

bpung the Chopper (Palentonga Berserker)            Turns: 1112, Time: 00:03:02

Health: -3/25      AC:  0    Str: 20    XL:     2   Next: 96%
Magic:  2/2        EV: 19    Int:  7    God:    Trog [*.....]
Gold:   18         SH:  0    Dex: 14    Spells: 1/1 levels left

rFire    . . .     SeeInvis +   (weapon currently unavailable)
rCold    . . .     Faith    .   (shield currently unavailable)
rNeg     . . .     Spirit   .   (armour currently unavailable)
rPois    .         Reflect  .   (helmet currently unavailable)
rElec    .         Harm     .   (cloak currently unavailable)
rCorr    .         Rampage  .   (gloves currently unavailable)
Will     .....                  (no barding)
Stlth    +.........             (no amulet)
HPRegen  0.08/turn              (ring currently unavailable)
MPRegen  0.08/turn              (ring currently unavailable)

@: bat-form (expiring), on berserk cooldown, flying, slowed, quick
A: fast, flying, no casting, tiny, rugged brown scales 3, see invisible,
(deformed body), (roll 1), (armoured tail)
a: Renounce Religion, Berserk


You were on level 1 of the Dungeon.
You worshipped Trog.
Trog was aware of your devotion.
You were a bat.
You visited 1 branch of the dungeon, and saw 2 of its levels.

You collected 18 gold pieces.

Inventory:

Hand Weapons
 a - a +0 war axe (melded)
 g - a +0 hand axe
Armour
 b - a +0 animal skin (melded)
Scrolls
 c - a scroll of identify {unknown}
 d - a scroll of silence {unknown}
 e - a scroll of holy word {unknown}
 f - a scroll of magic mapping {unknown}
Potions
 h - a potion of heal wounds {unknown}
 i - a potion of magic {unknown}


   Skills:
 + Level 3.3 Fighting
 + Level 3.6 Axes
 + Level 1.7 Armour
 + Level 1.8 Dodging


You had one spell level left.
You didn't know any spells.
Your spell library was empty.

Dungeon Overview and Level Annotations

Branches:
Dungeon (2/15)

Altars:

Annotations:
D:2 Sigmund


Innate Abilities, Weirdness & Mutations

You are a bat.
You are tiny and dextrous.
You move quickly.
You are flying.
Your equipment is almost entirely melded.
You are incapable of wielding weapons or throwing items.
You cannot cast spells.
(You are completely covered in rugged brown scales. (AC +3, +7% HP))
You have supernaturally acute eyesight. (SInv)
((Armour fits poorly on your strangely shaped body.))
((You can roll at nearby foes to attack.))
((You have a long armoured tail.))


Message History

Sigmund zaps a wand.
You turn into a bat.
Your +0 war axe melds into your body.
Your +0 animal skin melds into your body.
Sigmund zaps a wand.
A goblin comes into view. It is wielding a +0 dagger.
The goblin shouts!
Sigmund says, "I'm your fate." Sigmund completely misses you.
A bat comes into view.
Sigmund laughs darkly.
Sigmund zaps a wand.
The bat barely misses you.
You feel less confused. The bat completely misses you.
Sigmund laughs darkly.
Sigmund completely misses you. The bat misses you. x2
The bat closely misses you.
Sigmund points at you and mumbles some strange words.
The puff of flame hits you! The bat closely misses you. The bat hits you.
The goblin misses you.
There is a stone staircase leading up here.
The bat completely misses you. The goblin completely misses you.
The goblin misses you.
You fly upwards.
There is a stone staircase leading down here.
You hit the goblin but do no damage.
Your transformation is almost over.
The goblin hits you with a +0 dagger.
* * * LOW HITPOINT WARNING * * *
You barely miss the goblin. The goblin closely misses you.
The goblin barely misses you.
You hit the goblin but do no damage. The goblin barely misses you.
You hit the goblin but do no damage. The goblin hits you with a +0 dagger.
* * * LOW HITPOINT WARNING * * *
The goblin barely misses you.
You barely miss the goblin. The goblin hits you with a +0 dagger.
* * * LOW HITPOINT WARNING * * *
You hit the goblin but do no damage. The goblin hits you with a +0 dagger.
You die...

##..........#######.#
#.#####.##.# #.# #.#
#.##.# #.# #.# #.##.#
####.# #.#
#.##.####..... #.#
#.##.#.......# #.#
#........÷##..
#.########.#.##.##.#
#.gb..# #..........
#####.# ###.##.##..
#.# ####.##.##.. #.#
#........... #.#
#..####.###. #.# #..#
#..... #.# #.8#
#.###÷ #.# #..#
#..... #.# #..#
#.####


You could see a goblin.

Vanquished Creatures
  An adder (D:2)
  A bat (D:1)
  5 endoplasms
  3 goblins
  A hobgoblin (D:1)
  2 ball pythons (D:1)
  A frilled lizard (D:1)
  3 kobolds
17 creatures vanquished.

Notes
Turn   | Place    | Note
-------+----------+-------------------------------------------
     0 | D:1      | bpung the Palentonga Berserker began the quest for the Orb.
     0 | D:1      | Reached XP level 1. HP: 19/19 MP: 1/1
   328 | D:1      | Reached XP level 2. HP: 24/25 MP: 2/2
  1038 | D:2      | Found a faded altar of an unknown god.
  1065 | D:2      | Noticed Sigmund
  1111 | D:1      | HP: 1/25 [goblin (4)]
  1112 | D:1      | Slain by a goblin

Illustrated notes

Levels and vault maps discovered:
D:1:      dpeg_arrival_castle, layout_loops_ring, kennysheep_small_spiral,
          chequers_decorated_corner
D:2:      layout_rooms, basic_ecumenical_altar, chequers_hall_statues_wall_a,
          patterned_corridor, uniq_sigmund

Action                   || total
-------------------------++-------
Melee: Hand axe          ||    13
       Tailslap          ||     2
       War axe           ||    12
       Unarmed           ||     7
Invok: Berserk           ||     1
 Abil: Rolling Charge    ||     4
Armor: Animal skin       ||     8
       Skin              ||     1
Dodge: Dodged            ||    32
